Map: Last Remnant

Players

USSTT

  • Race: Protoss Protoss
  • Spawn Location: 12:00

TheBivouac

  • Race: Protoss Protoss
  • League: Gold
  • Spawn Location: 12:00

Klump

  • Race: Protoss Protoss
  • Spawn Location: 1:00

Alderak

  • Race: Zerg Zerg
  • Spawn Location: 3:00

BigTReBorn - Winner!

  • Race: Protoss Protoss
  • Spawn Location: 6:00

Tengji - Winner!

  • Race: Terran Terran
  • Spawn Location: 9:00

JaySlays - Winner!

  • Race: Zerg Zerg
  • Spawn Location: 6:00

Wolf - Winner!

  • Race: Protoss Protoss
  • League: Diamond
  • Spawn Location: 7:00

VOD

Have the link to the VOD?

Description

Time

  • Played on: April 21, 2018, 1:58 a.m.
  • Length: 15:10
Show
View Real Time Build Order
Export as new Build Order

USSTT Protoss 

Build Orders:  

Get SALT Encoding   

  12  0:04  Probe  
  12  0:12  Probe  
  14  0:22  Probe  
  14  0:25  Pylon  
  15  0:47  Probe  
  16  0:53  Assimilator  
  16  0:58  Gateway  
  16  1:05  Pylon, Probe  
  16  1:11  Forge  
  17  1:13  Probe  
  18  1:21  Probe  
  19  1:31  Assimilator  
  19  1:33  Probe  
  20  1:52  Cybernetics Core  
  20  1:59  Probe  
  20  2:01  Photon Cannon  
  21  2:07  Probe  
  22  2:16  Probe  
  23  2:27  Probe  
  24  2:37  Nexus  
  24  2:47  Pylon  
  24  2:52  Pylon  
  24  2:56  Assimilator  
  24  3:09  Pylon  
  24  3:19  Warp Gate  
  26  3:34  Photon Cannon  
  26  3:40  Stalker  
  26  3:43  Photon Cannon  
  26  3:46  Pylon  
  26  3:52  Pylon  
  24  4:28  Probe  
  24  4:36  Probe  
  24  4:38  Pylon  
  25  4:41  Photon Cannon  
  26  4:46  Probe  
  26  4:48  Pylon  
  27  4:54  Photon Cannon  
  27  4:58  Probe  
  28  5:07  Probe, Gateway  
  28  5:12  Protoss Ground Weapons Level 1  
  29  5:15  Probe  
  29  5:18  Protoss Air Weapons Level 1  
  30  5:25  Probe  
  31  5:32  Gateway  
  31  5:35  Gateway  
  31  5:48  Stalker  
  33  6:04  Stalker  
  35  6:28  Pylon  
  35  6:31  Photon Cannon  
  35  6:34  Pylon  
  35  6:39  Pylon  
  35  6:42  Probe  
  35  6:45  Gateway  
  36  6:50  Probe  
  36  6:51  Photon Cannon  
  36  6:55  Photon Cannon  
  36  7:00  Probe  
  37  7:01  Photon Cannon  
  37  7:06  Stalker x2  
  37  7:07  Stalker  
  44  7:12  Probe  
  44  7:15  Protoss Shields Level 1  
  45  7:21  Twilight Council  
  45  7:24  Probe  
  46  7:38  Stalker x2  
  46  7:39  Stalker  
  52  8:20  Stalker x2  
  52  8:21  Stalker x3  
  62  8:28  Dark Shrine  
  62  8:29  Probe  
  62  8:31  Templar Archives  
  62  8:33  Assimilator  
  63  8:37  Probe  
  63  8:46  Blink  
  63  8:47  Probe  
  65  8:58  Stalker x2  
  65  8:59  Stalker x3  
  75  9:17  Protoss Ground Armor Level 1  
  75  9:24  Forge  
  75  9:25  Pylon  
  49  9:47  Stalker x5  
  59  9:59  Psionic Storm  
  55  10:43  Protoss Ground Weapons Level 2  
  53  10:54  Protoss Shields Level 2  
  51  10:59  Stalker x2  
  51  11:00  Stalker x2  
  51  11:01  Stalker  
  61  11:21  Gateway  
  61  11:24  Gateway  
  61  11:28  High Templar x2  
  61  11:29  High Templar x3  
  71  11:37  Forge  
  71  11:41  Robotics Facility  
  71  12:03  Stalker x3  
  71  12:04  Stalker x2  
  65  13:32  Stalker x3  
  65  13:33  Stalker x2  
  75  14:04  Stalker x3  
  75  14:05  Stalker x4  
Show
View Real Time Build Order
Export as new Build Order

TheBivouac Protoss 

Build Orders:  

Get SALT Encoding   

  1  0:00  Probe  
  13  0:07  Probe  
  14  0:16  Probe  
  15  0:32  Pylon  
  15  0:50  Probe  
  16  1:02  Probe  
  17  1:14  Probe  
  17  1:15  Nexus  
  18  1:18  Pylon  
  18  1:26  Probe  
  19  1:38  Probe, Forge  
  20  1:51  Probe  
  21  2:03  Probe  
  22  2:09  Assimilator  
  22  2:12  Gateway  
  22  2:14  Assimilator  
  21  2:30  Probe x2  
  21  2:36  Assimilator  
  23  2:38  Probe x2  
  23  2:39  Assimilator  
  25  2:53  Probe  
  25  2:56  Pylon  
  26  2:59  Cybernetics Core  
  26  3:04  Probe  
  26  3:05  Probe  
  28  3:16  Probe  
  28  3:17  Probe  
  30  3:33  Probe  
  30  3:34  Probe  
  32  3:40  Stargate x2  
  32  3:45  Stargate  
  32  3:46  Probe x2  
  34  3:58  Probe x2  
  36  4:10  Probe x2  
  36  4:14  Void Ray x2  
  36  4:16  Pylon  
  38  4:31  Pylon  
  46  4:35  Pylon  
  39  4:44  Void Ray  
  38  4:51  Pylon, Probe  
  38  4:52  Probe  
  44  5:03  Probe  
  45  5:07  Probe  
  45  5:11  Void Ray  
  45  5:12  Photon Cannon  
  46  5:15  Photon Cannon  
  46  5:16  Probe  
  47  5:45  Probe x2  
  47  5:48  Pylon  
  49  5:57  Probe  
  46  6:09  Void Ray  
  46  6:10  Void Ray  
  46  6:12  Void Ray  
  46  6:17  Fleet Beacon  
  46  6:19  Pylon  
  58  6:32  Probe x2  
  60  6:41  Photon Cannon  
  60  6:44  Probe x2  
  62  6:56  Probe  
  62  6:57  Nexus  
  63  7:03  Carrier  
  63  7:05  Pylon  
  69  7:17  Probe x2  
  69  7:19  Carrier  
  67  7:34  Carrier  
  73  7:38  Graviton Catapult  
  79  7:52  Protoss Shields Level 1  
  79  8:19  Carrier  
  85  8:45  Carrier  
  91  9:13  Nexus x2  
  91  9:17  Pylon  
  91  9:19  Pylon  
  91  9:37  Carrier  
  97  9:38  Carrier  
  97  9:44  Pylon  
  71  10:31  Photon Cannon  
  71  10:33  Probe x2, Photon Cannon  
  73  10:39  Photon Cannon  
  73  10:40  Carrier  
  73  10:45  Probe  
  73  10:46  Probe  
  81  11:07  Carrier  
  81  11:13  Assimilator  
  81  11:15  Assimilator  
  87  11:27  Carrier  
  87  11:30  Probe  
  87  11:31  Probe  
  95  11:43  Probe  
  95  11:44  Stargate  
  95  12:07  Carrier  
  101  12:25  Nexus  
  101  12:33  Carrier  
  107  13:38  Probe  
  108  14:09  Probe  
  109  14:16  Probe  
  110  14:21  Probe  
Show
View Real Time Build Order
Export as new Build Order

Klump Protoss 

Build Orders:  

Get SALT Encoding   

  1  0:00  Probe  
  13  0:07  Probe  
  14  0:20  Pylon  
  14  0:21  Probe  
  15  0:38  Probe  
  15  0:39  Gateway  
  16  0:48  Assimilator  
  16  0:50  Probe  
  17  1:02  Probe  
  18  1:05  Pylon  
  18  1:14  Probe  
  18  1:17  Assimilator  
  19  1:22  Pylon  
  19  1:26  Probe  
  19  1:30  Cybernetics Core  
  20  1:40  Probe  
  21  1:48  Warp Gate  
  21  1:50  Probe  
  22  1:58  Probe  
  25  2:12  Stalker  
  25  2:16  Pylon  
  25  2:18  Gateway  
  25  2:19  Probe  
  26  2:31  Probe  
  27  2:42  Stalker  
  27  2:43  Probe  
  30  2:52  Pylon  
  30  2:56  Probe  
  31  3:03  Pylon  
  31  3:05  Stalker  
  31  3:12  Stalker  
  35  3:38  Stalker  
  37  3:54  Stalker  
  39  4:26  Probe  
  39  4:28  Stalker  
  42  4:32  Pylon  
  42  4:53  Stalker x2  
  46  5:03  Gateway x2  
  46  5:13  Nexus  
  46  5:16  Pylon  
  46  5:19  Forge  
  46  5:21  Stalker x2  
  46  5:26  Probe  
  46  5:27  Pylon  
  51  5:50  Stalker  
  51  5:51  Stalker  
  53  6:14  Stalker x2  
  53  6:16  Stalker  
  53  6:17  Stalker  
  56  6:20  Probe  
  57  6:32  Probe  
  57  6:43  Photon Cannon  
  57  6:44  Probe  
  57  6:45  Probe  
  59  6:49  Stalker  
  59  6:52  Probe  
  59  6:53  Protoss Ground Weapons Level 1  
  59  6:54  Probe  
  61  7:00  Probe  
  63  7:06  Stalker  
  66  7:11  Sentry x2  
  66  7:12  Sentry  
  72  7:16  Probe  
  72  7:17  Probe  
  74  7:45  Stalker x4  
  82  8:11  Stalker x3  
  82  8:12  Twilight Council  
  88  8:35  Stalker x2  
  88  8:37  Zealot x2  
  85  9:20  Zealot  
  27  10:21  Zealot  
  27  10:22  Zealot x3  
  27  10:27  Cybernetics Core  
  33  10:28  Probe  
  33  10:35  Nexus  
  34  10:41  Probe, Assimilator  
  35  10:43  Assimilator, Zealot x3  
  35  10:44  Zealot  
  43  10:52  Protoss Ground Armor Level 1  
  43  11:06  Zealot x2  
  43  11:07  Zealot  
  49  11:11  Probe  
  50  11:23  Probe  
  51  11:26  Zealot  
  51  11:27  Zealot  
  51  11:29  Zealot  
  57  11:33  Sentry  
  59  11:42  Photon Cannon  
  57  11:55  Stalker x3  
  63  12:10  Stalker  
  65  12:20  Stalker  
  65  12:21  Stalker  
  69  12:28  Stalker  
  33  13:09  Stalker x4  
  35  13:17  Gateway  
  30  13:28  Probe  
  31  13:46  Gateway  
  31  14:07  Forge  
  31  14:11  Nexus  
  31  14:16  Pylon  
  31  14:35  Pylon  
  31  14:53  Probe  
Show
View Real Time Build Order
Export as new Build Order

Alderak Zerg 

Build Orders: Hatch First 

Get SALT Encoding   

  12  0:02  Drone  
  13  0:10  Drone  
  14  0:45  Hatchery  
  13  0:54  Spawning Pool  
  12  1:01  Drone x2  
  14  1:07  Extractor  
  14  1:08  Drone  
  14  1:17  Overlord  
  14  1:35  Drone  
  14  1:39  Drone  
  16  1:40  Queen  
  18  1:51  Drone  
  19  1:55  Drone  
  19  2:00  Drone  
  21  2:06  Drone  
  22  2:13  Drone  
  23  2:19  Roach Warren  
  23  2:21  Drone  
  23  2:27  Drone  
  24  2:31  Queen  
  24  2:34  Drone  
  27  2:38  Overlord  
  27  2:53  Spore Crawler, Drone  
  27  2:56  Queen  
  29  3:04  Drone  
  29  3:05  Drone x5  
  35  3:12  Extractor  
  34  3:24  Roach  
  36  3:30  Drone  
  36  3:31  Drone  
  35  3:39  Drone  
  36  3:52  Overlord x3  
  36  3:59  Overlord  
  36  4:10  Roach  
  36  4:15  Metabolic Boost  
  40  4:17  Roach x3  
  40  4:20  Lair  
  40  4:21  Lair  
  44  4:24  Overlord  
  44  4:38  Spore Crawler  
  43  4:39  Spore Crawler  
  43  4:41  Drone  
  43  4:45  Spore Crawler  
  42  4:51  Roach x3  
  48  4:58  Drone x4  
  48  4:59  Drone x5  
  57  5:08  Extractor  
  57  5:09  Zergling x2  
  57  5:10  Roach  
  57  5:11  Roach x3  
  65  5:20  Drone  
  65  5:21  Drone x2, Spore Crawler  
  63  5:42  Hatchery  
  63  5:43  Queen  
  63  5:49  Drone x3  
  63  5:50  Drone x2  
  63  5:56  Glial Reconstitution  
  64  6:07  Overseer x2  
  64  6:08  Overseer  
  64  6:19  Spore Crawler  
  64  6:21  Spore Crawler  
  62  6:26  Extractor  
  61  6:37  Overlord x4  
  61  6:38  Overlord x3  
  61  6:52  Overlord  
  61  6:53  Overlord  
  61  6:55  Ravager  
  61  6:56  Ravager x3  
  61  6:59  Drone x3  
  68  7:10  Ravager  
  68  7:11  Ravager  
  68  7:12  Roach x2  
  68  7:14  Zergling x2  
  68  7:15  Zergling x12  
  81  7:21  Drone x3  
  84  7:34  Hydralisk Den  
  84  7:35  Zergling x4  
  84  7:36  Zergling x2  
  86  7:38  Drone x2  
  88  7:47  Drone  
  88  7:48  Drone x4  
  77  8:04  Drone  
  77  8:05  Drone x2  
  68  8:11  Hydralisk Den  
  60  8:23  Roach x6  
  69  8:35  Roach  
  69  8:36  Roach  
  73  8:50  Ravager x2  
  73  8:51  Ravager x4  
  73  8:54  Roach  
  66  9:15  Roach x3  
  66  9:16  Roach x2  
  52  9:35  Hydralisk x2  
  54  9:48  Hydralisk  
  44  10:25  Hydralisk x4  
  47  10:39  Drone  
  47  10:40  Drone x3  
  51  10:43  Spawning Pool  
  50  10:52  Spawning Pool  
  50  10:54  Grooved Spines  
  49  10:58  Hydralisk x2  
  53  11:06  Hydralisk  
  55  11:14  Drone x3  
  58  11:20  Drone  
  59  11:44  Hatchery  
  58  11:58  Hydralisk  
  58  11:59  Hydralisk x2  
  64  12:14  Hydralisk x2  
  68  12:21  Hydralisk x2  
  70  12:37  Hydralisk  
  70  12:38  Hydralisk x2  
  59  13:02  Hydralisk  
  59  13:03  Hydralisk x2  
  45  13:27  Overlord x2  
  45  13:53  Overlord  
  45  14:19  Extractor, Overlord  
  45  14:21  Extractor  
  37  14:45  Hydralisk  
Show
View Real Time Build Order
Export as new Build Order

BigTReBorn Protoss - Winner!

Build Orders: Cannon Rush 

Get SALT Encoding   

  12  0:07  Probe  
  13  0:19  Probe  
  13  0:21  Pylon  
  14  0:31  Probe  
  15  0:40  Forge  
  15  0:43  Probe  
  15  0:49  Pylon  
  16  0:58  Probe  
  17  1:07  Probe  
  18  1:12  Gateway  
  18  1:16  Probe  
  19  1:26  Photon Cannon  
  19  1:34  Probe  
  20  1:47  Photon Cannon  
  20  1:50  Photon Cannon  
  20  2:02  Cybernetics Core  
  20  2:10  Probe  
  21  2:18  Probe  
  22  2:23  Pylon  
  22  2:28  Probe  
  23  2:42  Nexus  
  23  2:48  Photon Cannon  
  23  2:53  Photon Cannon  
  23  3:04  Shield Battery  
  23  3:10  Assimilator  
  23  3:13  Probe  
  23  3:15  Assimilator  
  24  3:21  Probe  
  24  3:23  Assimilator  
  25  3:28  Assimilator  
  25  3:30  Probe  
  26  3:40  Probe  
  26  3:48  Probe  
  27  3:53  Probe  
  28  3:57  Probe  
  28  4:01  Probe  
  30  4:04  Pylon  
  30  4:09  Probe, Pylon  
  32  4:11  Probe  
  33  4:23  Probe  
  34  4:25  Probe  
  35  4:33  Probe, Stargate  
  35  4:35  Probe  
  37  4:41  Stargate  
  37  4:42  Probe  
  38  4:47  Probe  
  38  4:48  Pylon  
  39  4:53  Pylon  
  39  4:55  Probe  
  39  4:59  Probe, Stargate  
  41  5:06  Stargate  
  41  5:07  Probe  
  42  5:11  Probe  
  43  5:15  Photon Cannon  
  43  5:18  Photon Cannon  
  43  5:24  Photon Cannon  
  43  5:34  Void Ray  
  43  5:35  Void Ray  
  51  5:53  Void Ray  
  55  6:00  Probe, Void Ray  
  60  6:17  Pylon  
  60  6:21  Void Ray  
  64  6:25  Void Ray  
  68  6:44  Void Ray  
  72  6:53  Void Ray  
  76  7:03  Nexus  
  76  7:07  Assimilator  
  76  7:12  Assimilator  
  76  7:14  Void Ray  
  80  7:15  Pylon  
  80  7:25  Void Ray  
  84  7:34  Void Ray  
  88  7:47  Probe  
  89  7:56  Probe  
  89  7:57  Void Ray  
  93  8:01  Void Ray  
  93  8:05  Probe  
  99  8:17  Probe  
  100  8:29  Probe  
  101  8:56  Void Ray x4  
  109  9:39  Void Ray x2  
  109  9:41  Void Ray x2  
  101  10:22  Void Ray  
  105  10:32  Void Ray x3  
  117  10:50  Pylon x2  
  117  10:54  Pylon  
  117  10:56  Pylon  
  117  11:08  Probe, Void Ray  
  122  11:14  Void Ray x2  
  122  11:18  Void Ray  
  134  11:19  Probe  
  135  11:28  Probe  
  136  11:36  Probe  
  136  11:46  Probe  
  138  11:58  Probe  
  139  12:21  Void Ray x2  
  147  12:30  Pylon  
  147  12:32  Pylon  
  147  12:34  Pylon  
  147  12:36  Pylon  
  147  12:39  Pylon  
  147  12:47  Void Ray x2  
  155  13:04  Void Ray x2  
  163  13:30  Void Ray x2  
  171  13:47  Void Ray  
  175  13:54  Void Ray  
  179  14:10  Pylon  
  179  14:11  Pylon  
  179  14:13  Void Ray x2  
  179  14:14  Pylon  
Show
View Real Time Build Order
Export as new Build Order

Tengji Terran - Winner!

Build Orders: MMM Bio 

Get SALT Encoding   

  12  0:05  SCV  
  13  0:18  Supply Depot  
  13  0:52  Barracks  
  13  1:07  SCV  
  14  1:20  Command Center  
  14  1:25  SCV  
  15  1:39  Marine  
  15  1:46  Refinery  
  16  1:52  Barracks  
  16  1:57  SCV  
  17  2:03  Marine  
  18  2:09  SCV  
  19  2:17  Refinery  
  20  2:22  SCV  
  20  2:25  Marine, Engineering Bay  
  21  2:36  SCV x2  
  23  2:41  Marine  
  23  2:43  Marine  
  25  2:50  Supply Depot  
  25  2:59  Marine, SCV  
  27  3:07  Barracks  
  27  3:17  Planetary Fortress  
  27  3:20  Marine x2  
  29  3:36  SCV  
  29  3:37  Marine  
  29  3:38  Marine  
  33  3:48  SCV  
  33  3:55  Marine x2  
  33  4:00  Marine  
  35  4:13  Marine x2  
  29  4:21  Orbital Command  
  29  4:24  SCV  
  30  4:29  Factory  
  30  4:30  Terran Infantry Weapons Level 1  
  30  4:31  Marine  
  30  4:36  SCV  
  32  4:43  Barracks Reactor  
  32  4:45  Barracks Tech Lab  
  31  4:49  Marine  
  32  4:55  Supply Depot  
  32  4:59  Supply Depot, SCV x2  
  34  5:07  Marine  
  35  5:14  Combat Shields  
  35  5:18  Marine  
  35  5:19  Marine  
  37  5:23  Starport  
  37  5:25  Marine  
  37  5:32  Marine  
  38  5:36  Marine  
  38  5:37  Marine  
  38  5:42  Marine, Missile Turret  
  40  5:49  Missile Turret  
  41  5:50  Marine  
  41  5:52  Missile Turret  
  41  5:54  Marine  
  41  5:56  Missile Turret  
  43  5:59  Missile Turret  
  43  6:00  Marine  
  41  6:12  Marine x3  
  41  6:14  Starport Reactor  
  41  6:18  Marine  
  44  6:24  Missile Turret, Terran Infantry Armor Level 1  
  44  6:25  SCV x2  
  47  6:33  Stimpack  
  47  6:34  Marine x3  
  47  6:36  Marine  
  51  6:50  Medivac x2  
  51  6:52  Marine x3  
  58  6:58  Supply Depot  
  58  6:59  Supply Depot  
  58  7:11  Armory  
  58  7:16  Marine x3  
  58  7:17  Marine  
  58  7:20  Medivac x2  
  66  7:34  Marine  
  67  7:50  Medivac x2  
  57  8:07  Refinery x2  
  54  8:19  Terran Vehicle And Ship Armor Level 1  
  54  8:31  Marine x3  
  54  8:34  Barracks Tech Lab, Concussive Shells  
  57  8:41  Medivac  
  57  8:43  Factory Tech Lab  
  59  8:49  Marine x3  
  62  8:58  Marine  
  58  9:06  Marine  
  58  9:07  Marine x2  
  44  9:16  Marine  
  24  9:24  Marine x2  
  24  9:25  Marauder  
  28  9:33  Marine  
  28  9:42  Marine  
  26  9:46  Marauder  
  26  9:47  Marine  
  26  9:51  Marine  
  29  10:05  Marine  
  26  10:07  Marine  
  26  10:09  Marine  
  25  10:18  SCV  
  22  10:23  Marine  
  22  10:25  Marine  
  22  10:27  Marine  
  25  10:40  Marine  
  26  10:43  Marine  
  26  10:45  Marauder  
  29  10:58  Marine  
  29  11:00  Medivac x2  
  29  11:01  Marine  
  35  11:06  Marine  
  36  11:16  Marine  
  37  11:19  Marine, SCV  
  37  11:24  Marine  
  37  11:25  Command Center  
  40  11:32  Terran Infantry Weapons Level 2  
  40  11:34  Marine  
  40  11:36  Marine  
  42  11:42  Marine  
  43  11:52  Marine  
  44  11:54  Marine  
  44  12:00  Marine  
  46  12:09  Marine  
  46  12:12  Marine  
  48  12:17  Marine  
  48  12:22  Medivac x2  
  53  12:27  Marine  
  54  12:30  Marine  
  54  12:35  Marine  
  56  12:45  Marine  
  56  12:48  Marine  
  54  12:53  Marine  
  33  13:03  Marine  
  29  13:05  Marine  
  29  13:11  Marine  
  31  13:21  Marine  
  31  13:23  Marine  
  33  13:29  Marine  
  33  13:30  Barracks  
  35  13:41  Marine  
  35  13:44  Orbital Command  
  35  13:47  Marauder  
  37  14:02  Marine  
  38  14:04  Barracks Reactor  
  38  14:08  Marine  
  39  14:20  Marine  
  39  14:21  Medivac x2  
  39  14:23  Marine  
  45  14:25  SCV  
  45  14:26  Marine  
  47  14:37  SCV  
  44  14:49  Marine x4  
  44  14:50  Marine  
Show
View Real Time Build Order
Export as new Build Order

JaySlays Zerg - Winner!

Build Orders: Hatch First 

Get SALT Encoding   

  12  0:01  Drone  
  13  0:13  Overlord  
  13  0:18  Drone  
  14  0:31  Drone x2  
  16  0:40  Drone  
  17  0:59  Drone, Hatchery  
  17  1:05  Drone  
  18  1:11  Extractor  
  17  1:20  Spawning Pool  
  17  1:22  Drone  
  17  1:28  Drone  
  18  1:36  Drone  
  19  1:44  Drone  
  20  1:51  Overlord  
  20  2:01  Drone  
  21  2:08  Queen  
  21  2:10  Queen  
  21  2:15  Metabolic Boost  
  25  2:25  Extractor  
  24  2:31  Zergling x6  
  24  2:32  Zergling x2  
  24  2:37  Drone  
  29  2:46  Baneling Nest  
  28  2:56  Drone x5  
  33  3:06  Drone  
  33  3:12  Drone  
  35  3:26  Zergling x2  
  36  3:33  Overlord x2  
  32  3:42  Drone x3  
  32  3:43  Drone  
  36  3:49  Lair  
  36  3:50  Queen  
  38  3:59  Zergling x2  
  38  4:00  Zergling x6  
  42  4:08  Zergling x2  
  43  4:10  Zergling x2  
  43  4:11  Zergling x4  
  43  4:14  Overlord  
  46  4:29  Hatchery  
  45  4:33  Roach Warren  
  45  4:34  Drone x4  
  48  4:43  Drone x4  
  48  4:45  Baneling x5  
  52  4:57  Drone x2  
  52  4:58  Drone x3  
  57  5:03  Extractor  
  57  5:04  Extractor  
  55  5:08  Hydralisk Den  
  54  5:14  Roach  
  54  5:15  Roach x2  
  54  5:18  Overlord x2  
  51  5:54  Roach x14  
  51  5:56  Queen  
  81  6:02  Overlord  
  81  6:13  Spore Crawler  
  81  6:14  Spore Crawler  
  81  6:15  Grooved Spines  
  79  6:18  Glial Reconstitution  
  79  6:26  Centrifical Hooks  
  79  6:28  Drone x2  
  79  6:29  Drone  
  82  6:38  Hydralisk x4  
  90  6:41  Overlord x2  
  90  6:56  Evolution Chamber  
  90  6:57  Evolution Chamber  
  88  7:03  Spore Crawler  
  88  7:05  Drone  
  88  7:06  Drone x5  
  88  7:07  Drone x2  
  95  7:14  Hydralisk  
  97  7:22  Drone  
  98  7:31  Overlord x3  
  98  8:02  Drone x10  
  98  8:03  Drone x10  
  74  8:40  Hydralisk  
  74  8:41  Hydralisk x8  
  76  8:44  Hatchery, Zerg Missile Weapons Level 1  
  76  8:45  Zerg Ground Armor Level 1  
  76  8:47  Muscular Augments  
  91  8:57  Extractor  
  91  8:59  Extractor, Hydralisk x5  
  99  9:11  Hydralisk  
  99  9:12  Hydralisk x2  
  105  9:20  Hydralisk  
  105  9:21  Hydralisk  
  105  9:23  Hydralisk  
  105  9:24  Hydralisk  
  111  9:27  Overlord  
  111  9:28  Overlord x3  
  113  9:46  Hydralisk  
  113  9:47  Hydralisk x7  
  125  10:05  Hydralisk  
  125  10:06  Hydralisk x9  
  113  10:16  Hydralisk  
  113  10:17  Hydralisk  
  111  10:23  Queen  
  113  10:30  Hydralisk x2  
  113  10:31  Hydralisk x2  
  113  10:35  Zergling x16  
  129  10:53  Hydralisk x7  
  143  11:01  Zerg Missile Weapons Level 2  
  143  11:10  Extractor  
  143  11:11  Extractor, Drone x2  
  142  11:12  Drone  
  144  11:24  Hydralisk  
  144  11:25  Hydralisk x3  
  146  11:29  Overlord x4  
  146  11:30  Overlord  
  146  11:31  Zerg Ground Armor Level 2  
  152  11:40  Burrow  
  152  11:51  Hydralisk x3, Infestation Pit  
  152  11:53  Zergling x20  
  152  11:54  Zergling x6  
  170  12:11  Hydralisk x7  
  183  12:24  Drone  
  167  12:50  Hydralisk  
  167  12:51  Hydralisk x11  
  146  12:58  Hydralisk x4  
  154  12:59  Hydralisk x2  
  144  13:19  Hydralisk x5  
  124  13:20  Hydralisk  
  124  13:24  Hydralisk  
  124  13:32  Hive  
  124  13:35  Drone  
  125  13:43  Drone  
  126  13:59  Drone  
  126  14:01  Drone x5  
  126  14:02  Drone  
  133  14:04  Drone  
  134  14:13  Zergling x2  
  134  14:14  Zergling x24  
  134  14:15  Zergling x4  
Show
View Real Time Build Order
Export as new Build Order

Wolf Protoss - Winner!

Build Orders: Oracle Opening, Phoenix Opening 

Get SALT Encoding   

  12  0:01  Probe  
  13  0:13  Probe  
  14  0:18  Pylon  
  14  0:26  Probe  
  15  0:37  Gateway  
  15  0:39  Probe  
  16  0:51  Probe  
  17  1:01  Probe  
  18  1:05  Assimilator  
  18  1:08  Assimilator  
  18  1:09  Probe  
  18  1:18  Probe  
  19  1:24  Cybernetics Core  
  20  1:48  Nexus  
  20  1:54  Probe  
  21  2:04  Warp Gate  
  21  2:05  Stalker  
  23  2:14  Pylon  
  23  2:36  Stargate  
  23  2:41  Adept  
  23  2:43  Probe  
  26  2:51  Probe  
  26  2:57  Probe  
  27  2:59  Probe  
  27  3:00  Pylon  
  29  3:05  Probe  
  29  3:10  Stalker  
  32  3:18  Oracle  
  32  3:27  Probe x2  
  37  3:36  Assimilator  
  37  3:37  Assimilator  
  37  3:39  Probe x2  
  39  3:51  Probe  
  40  3:58  Phoenix  
  40  4:00  Probe  
  41  4:03  Probe  
  40  4:12  Probe, Stargate  
  40  4:15  Probe  
  42  4:17  Gateway  
  42  4:20  Gateway  
  42  4:22  Pylon  
  42  4:30  Probe  
  42  4:34  Probe  
  42  4:37  Phoenix  
  46  4:38  Probe  
  47  4:46  Probe  
  48  4:56  Phoenix  
  50  5:07  Probe x2  
  51  5:09  Forge  
  51  5:12  Forge  
  52  5:15  Phoenix  
  52  5:16  Twilight Council  
  52  5:19  Probe x2  
  56  5:23  Phoenix  
  58  5:51  Void Ray  
  62  6:29  Protoss Shields Level 1  
  62  6:31  Protoss Ground Weapons Level 1  
  59  6:34  Phoenix  
  59  6:38  Charge  
  61  6:49  Gateway  
  61  6:50  Gateway  
  61  6:53  Gateway  
  61  6:54  Gateway  
  61  6:55  Pylon x2  
  61  6:56  Gateway  
  61  6:59  Pylon x2  
  61  7:00  Pylon  
  61  7:03  Pylon  
  61  7:09  Void Ray  
  61  7:13  Phoenix  
  67  7:18  Zealot  
  67  7:19  Zealot x2  
  67  7:32  Phoenix  
  69  7:44  Pylon  
  69  7:45  Phoenix  
  69  7:57  Zealot x5  
  69  7:58  Zealot x3  
  87  8:11  Void Ray  
  87  8:12  Void Ray  
  95  8:20  Zealot x3  
  95  8:21  Zealot x5  
  111  8:28  Pylon  
  111  8:30  Pylon  
  111  8:32  Pylon  
  111  8:53  Void Ray  
  111  8:55  Void Ray  
  119  9:11  Zealot x2  
  119  9:12  Zealot x5  
  61  10:12  Zealot x4  
  61  10:13  Zealot x3  
  73  10:14  Void Ray x2  
  81  10:53  Void Ray  
  81  10:54  Void Ray  
  79  10:58  Zealot x5  
  79  10:59  Zealot x2  
  79  11:01  Protoss Shields Level 2  
  101  11:46  Nexus  
  101  11:47  Void Ray  
  105  12:14  Assimilator  
  105  12:16  Probe x2  
  105  12:18  Assimilator  
  105  12:20  Zealot x4  
  115  12:28  Probe x2  
  65  12:47  Void Ray x2  
  63  13:19  Probe x3  
  66  13:20  Void Ray  
  66  13:26  Void Ray  
  70  14:01  Void Ray  
  70  14:08  Void Ray  
Tags
 
Add a new tag
Caveats
  • Supply blocks, unpowered buildings, or Contaminate may cause inaccurate times.
  • Supply counts are checked every 10 seconds.